 Dungeon Crawl Stone Soup version 0.22-a0-855-g415d086 (webtiles) character file.

79 MatthieuS the Poker (level 4, -8/51 HPs)
             Began as a Human Warper on July 27, 2018.
             Killed from afar by an orc wizard (11 damage)
             ... with a puff of flame
             ... on level 2 of the Dungeon.
             The game lasted 00:04:49 (1888 turns).

MatthieuS the Poker (Human Warper)                  Turns: 1888, Time: 00:04:49

Health: -8/51      AC: 22    Str: 12    XL:     4   Next: 62%
Magic:  1/8        EV:  2    Int: 14    God:
Gold:   57         SH:  0    Dex: 12    Spells: 4/8 levels left

rFire    . . .     SeeInvis .   a - +0 spear
rCold    . . .     Gourm    .   (no shield)
rNeg     + + +     Faith    .   (armour currently unavailable)
rPois    +         Spirit   .   (helmet currently unavailable)
rElec    .         Reflect  .   (cloak currently unavailable)
rCorr    .         Harm     .   (gloves currently unavailable)
MR       .....     NoTele   +   (boots currently unavailable)
Stlth    +.........             (no amulet)
HPRegen  0.17/turn              (no ring)
MPRegen  0.11/turn              (no ring)

@: tree-form, very slightly contaminated, drained
A: no striking features
a: no special abilities


You were on level 2 of the Dungeon.
You were hungry.
You were a tree.
You visited 1 branch of the dungeon, and saw 2 of its levels.

You collected 57 gold pieces.

Inventory:

Hand Weapons
 a - a +0 spear (weapon)
Missiles
 f - 2 tomahawks of dispersal {!f}
 h - 69 stones (quivered)
 j - 23 sling bullets
 m - 18 arrows
Armour
 b - a +0 leather armour (melded)
 p - a +0 ring mail
   (You found it on level 2 of the Dungeon)
 s - a +0 pair of boots (melded)
   (You found it on level 2 of the Dungeon)
Jewellery
 l - a cursed amulet of inaccuracy {unknown}
   (You found it on level 1 of the Dungeon)
Scrolls
 c - 4 scrolls of identify {unknown}
 d - 2 scrolls of blinking
 k - a scroll of enchant weapon {unknown}
 o - a scroll of enchant armour {unknown}
 q - a scroll of teleportation {unknown}
Potions
 r - a potion of heal wounds {unknown}
Comestibles
 e - 4 rations
 i - a chunk of flesh


   Skills:
 + Level 2.7(2.3) Fighting
 * Level 3.4(2.9) Polearms
 - Level 1.0(0.5) Throwing
 - Level 1.0(0.5) Armour
 - Level 2.0(1.5) Dodging
 + Level 2.7(2.2) Spellcasting
 - Level 3.0(2.5) Translocations


You had 4 spell levels left.
You knew the following spells:

 Your Spells              Type           Power        Failure   Level  Hunger
a - Shroud of Golubria    Chrm/Tloc      #.........   21%         2    ###....
b - Blink                 Tloc           N/A          12%         2    ###....

Your spell library contained the following spells:

 Spells                   Type           Power        Failure   Level  Hunger
 Teleport Other           Tloc           #.......     24%         3    ###....
 Passage of Golubria      Tloc           N/A          63%         4    #####..
 Gell's Gravitas          Tloc           #.........   24%         3    ###....
 Lesser Beckoning         Tloc           #.........   24%         3    ###....


Dungeon Overview and Level Annotations

Branches:
Dungeon (2/15)

Altars:


Message History

No target in view!
A hobgoblin, an orc and a phantom come into view.
Your shroud begins to fray at the edges.
The orc shouts!
Something barely misses you.
The orc moves out of view.
An orc comes into view. It is wielding a dagger.
Items here: ) [ †† a falchion; a leather armour; a bat corpse; a rat corpse The orc moves out of view.
Things that are here:
a scroll labeled YHUETZ FITUVI; a rat corpse
c - 4 scrolls labeled YHUETZ FITUVI (gained 1)
Something hits you but does no damage.
You feel drained.
There are no objects that can be picked up here. a rat corpse Unknown command.
There are no objects that can be picked up here. a rat corpse
There are no objects that can be picked up here. a rat corpse Something hits you but does no damage.
You feel drained.
The phantom blinks!
You hear some strange, mumbled words.
A puff of frost appears from out of thin air!
The puff of frost hits you!
* * * LOW HITPOINT WARNING * * *
A worm comes into view.
Your shroud unravels.
You hear some strange, mumbled words.
A puff of frost appears from out of thin air!
The puff of frost hits you!
* * * LOW HITPOINT WARNING * * *
You blink.
A magic dart appears from out of thin air!
The magic dart hits you!
* * * LOW HITPOINT WARNING * * *
You blink.
An adder comes into view.
It was a potion of flight.
You feel very buoyant.
You fly up into the air.
The adder misses you. The adder bites you.
* * * LOW HITPOINT WARNING * * *
It was a potion of lignification.
You turn into a tree.
Your +0 pair of boots melds into your body.
Your +0 leather armour melds into your body.
Your roots penetrate the ground.
The adder bites you but does no damage.
A puff of flame appears from out of thin air!
The puff of flame hits you!
You die...

..# #.#
#.##...§.#
#.#.......
..# #.#
#.##.....#
#.#.......
#.# #.#
#.##...{.#
#.#.#####.
#.# #.#
<..+.....#
#.#.. #.#
#.
#.##....##
#.### .#
#....# #.#
#....#
#..w.#
#...♣#
+....S.+
#....###
#.....
###### ##
.#


You could see a worm and an adder.

Vanquished Creatures
  A hound (D:2)
  A dart slug (D:1)
  A leopard gecko (D:1)
  An orc (D:2)
  3 giant cockroaches
  10 goblins
  3 hobgoblins
  3 jackals (D:2)
  5 kobolds
  8 bats
  3 rats
39 creatures vanquished.

Notes
Turn   | Place    | Note
-------+----------+-------------------------------------------
     0 | D:1      | MatthieuS the Human Warper began the quest for the Orb.
     0 | D:1      | Reached XP level 1. HP: 16/16 MP: 3/3
   144 | D:1      | Reached XP level 2. HP: 22/22 MP: 5/5
   195 | D:1      | Learned a level 2 spell: Blink
   198 | D:1      | Learned a level 2 spell: Shroud of Golubria
   671 | D:1      | Reached XP level 3. HP: 16/28 MP: 6/6
  1770 | D:2      | Reached XP level 4. HP: 34/34 MP: 5/7
  1877 | D:2      | Noticed a phantom
  1888 | D:2      | Killed from afar by an orc wizard

Vault maps used:
D:1:      noname_arrival_rooms_in_the_neighbourhood
D:2:      nicolae_ru_the_path_less_chosen

Skill      XL: |  1  2  3 |
---------------+----------+-----
Polearms       | 3 |  3.4
Fighting       | |  2.7
Throwing       | |  1.0
Armour         | |  1.0
Dodging        | |  2.0
Spellcasting   | |  2.7
Translocations | |  3.0

Action                   |  1- 3 |  4- 6 || total
-------------------------+-------+-------++-------
Melee: Spear             |   151 |    24 ||   175
Throw: Stone             |     7 |       ||     7
       Tomahawk          |     3 |       ||     3
 Cast: Blink             |     2 |     2 ||     4
       Shroud of Golubri |     2 |     1 ||     3
  Use: Potion            |       |     2 ||     2
  Eat: Chunk             |     3 |       ||     3
Armor: Leather armour    |    34 |     3 ||    37
       Skin              |       |     1 ||     1
Dodge: Dodged            |   102 |    16 ||   118

Table legend:
 A = Spawn XP
 B = Non-spawn XP
 C = Spawn XP percentage of total XP
 D = Spawn monster count
 E = Non-spawn monster count
 F = Spawn count percentage of total count
 G = Total turns spent on level
                    A         B        C        D         E        F      G
               +---------+---------+-------+---------+---------+-------+---------
         Total |       0 |     113 |   0.0 |       0 |      39 |   0.0 |  1888
               +---------+---------+-------+---------+---------+-------+---------
           D:1 |       0 |      47 |   0.0 |       0 |      24 |   0.0 |  1559
           D:2 |       0 |      66 |   0.0 |       0 |      15 |   0.0 |   329
               +---------+---------+-------+---------+---------+-------+---------
